 Dungeon Crawl Stone Soup version 0.29.1-15-g9cfb28693d (webtiles) character file.

Game seed: 14409645328203562856

39 vishdafish the Conjurer (level 3, -2/24 HPs)
             Began as a Demonspawn Conjurer on Mar 29, 2023.
             Slain by a gnoll
             ... wielding a +0 club
              (4 damage)
             ... on level 2 of the Dungeon.
             The game lasted 00:01:57 (1522 turns).

vishdafish the Conjurer (Demonspawn Conjurer)       Turns: 1522, Time: 00:01:58

Health: -2/24      AC:  3    Str:  7    XL:     3   Next: 28%
Magic:  6/6        EV: 12    Int: 21    God:
Gold:   75         SH:  0    Dex: 11    Spells: 5/6 levels left

rFire   . . .      SeeInvis .   d - +0 short sword
rCold   . . .      Faith    .   (no shield)
rNeg    . . .      Spirit   .   a - +0 robe
rPois   .          Reflect  .   j - +1 hat {Will+}
rElec   .          Harm     .   (no cloak)
rCorr   .          Rampage  .   (no gloves)
Will    +....                   (no boots)
Stlth   ++........              (no amulet)
HPRegen 0.08/turn               (no ring)
MPRegen 0.10/turn               (no ring)

@: mighty
A: claws 2
a: no special abilities


You were on level 2 of the Dungeon.
You visited 1 branch of the dungeon, and saw 2 of its levels.

You collected 75 gold pieces.

Inventory:

Hand Weapons
 d - a +0 short sword (weapon)
Armour
 a - a +0 robe (worn)
 j - a +1 hat of willpower (worn)
Scrolls
 c - a scroll of blinking {unknown}
 e - a scroll of fear {unknown}
 f - a scroll of summoning {unknown}
 g - 2 scrolls of identify {unknown}
 i - a scroll of magic mapping {unknown}
 l - a scroll of teleportation {unknown}
Potions
 m - a potion of invisibility {unknown}
 n - a potion of mutation {unknown}


   Skills:
 + Level 2.2 Dodging
 + Level 2.3 Stealth
 + Level 2.4 Spellcasting
 + Level 4.3 Conjurations


You had 5 spell levels left.
You knew the following spells:

 Your Spells              Type           Power      Damage    Failure   Level
a - Magic Dart            Conj           80%        1d7       2%          1

Your spell library contained the following spells:

 Spells                   Type           Power      Damage    Failure   Level
 Searing Ray              Conj           40%        2d5       3%          2
 Dazzling Flash           Conj/Hex       22%        N/A       17%         3
 Fulminant Prism          Conj/Hex       5%         3d7       50%         4
 Iskenderun's Mystic Bla  Conj/Tloc      11%        2d4       50%         4


Dungeon Overview and Level Annotations

Branches:
Dungeon (2/15)

Altars:


Innate Abilities, Weirdness & Mutations

You have very sharp fingernails.


Message History

You hit the gnoll.
The gnoll is severely wounded.
The gnoll closely misses you.
You barely miss the gnoll. You claw the gnoll.
You kill the gnoll!
The gnoll hits you with a +0 club.
You barely miss the gnoll. The gnoll closely misses you.
You hit the gnoll.
The gnoll is lightly wounded.
The gnoll hits you with a +0 club.
You hit the gnoll but do no damage.
The gnoll is lightly wounded.
The gnoll hits you with a +0 club.
You barely miss the gnoll.
The gnoll is lightly wounded.
The gnoll closely misses you.
You feel better. The gnoll hits you with a +0 flail! The gnoll misses you.
Okay, then.
It was a potion of might.
You feel very mighty all of a sudden. The gnoll hits you but does no damage.
The gnoll barely misses you.
You closely miss the gnoll.
The gnoll is lightly wounded.
The gnoll barely misses you. The gnoll completely misses you.
You barely miss the gnoll.
The gnoll is lightly wounded.
The gnoll hits you but does no damage. The gnoll barely misses you.
The gnoll hits you with a +0 flail. The gnoll closely misses you.
You closely miss the gnoll.
The gnoll is lightly wounded.
The gnoll misses you. The gnoll closely misses you.
You closely miss the gnoll.
The gnoll is lightly wounded.
The gnoll closely misses you. The gnoll barely misses you.
You closely miss the gnoll.
The gnoll is lightly wounded.
The gnoll hits you with a +0 flail!
* * * LOW HITPOINT WARNING * * *
The gnoll hits you with a +0 club.
You die...

...#####.#......##......
.. ##....##............
#.#...##..........## .
##..#)####.........#..
#.#.#.# ##+#...........
###...# #..............
#..#..# #.......##.....
#...#.###g.........#
##.#..#.@g.........#
####..#............$...
#.#...#................
#.#...#.#....!..#......
#.....#.#.......#......
###...#.#.......#......
..
#.#..##..##....#......
..##### #....# .). ...#
...#...# ##...#


You could see 2 gnolls.

Vanquished Creatures
  A gnoll (D:2)
  3 dart slugs (D:1)
  4 bats
  An endoplasm (D:1)
  A goblin (D:1)
  5 hobgoblins
  A quokka (D:2)
  2 ball pythons
  4 frilled lizards (D:1)
  A kobold (D:2)
  A rat (D:1)
24 creatures vanquished.

Notes
Turn   | Place    | Note
-------+----------+-------------------------------------------
     0 | D:1      | vishdafish the Demonspawn Conjurer began the quest for the
                  | Orb.
     0 | D:1      | Reached XP level 1. HP: 13/13 MP: 3/3
   462 | D:1      | Gained mutation: You have sharp fingernails. [demonic
                  | ancestry]
   462 | D:1      | Reached XP level 2. HP: 12/19 MP: 0/5
  1491 | D:2      | Gained mutation: You have very sharp fingernails. [demonic
                  | ancestry]
  1491 | D:2      | Reached XP level 3. HP: 24/24 MP: 3/6
  1522 | D:2      | Slain by a gnoll

Illustrated notes

Levels and vault maps discovered:
D:1:      dreamdust_arrival_beginning_and_end, layout_basic
D:2:      layout_basic, basic_ecumenical_altar, minmay_misc_feat_rugged

Skill      XL: |  1 |
---------------+----+-----
Stealth        | 2 |  2.3
Dodging        | 2 |  2.2
Spellcasting   | |  2.4
Conjurations   | |  4.3

Action                   || total
-------------------------++-------
Melee: Short sword       ||    17
       Punch             ||     1
 Cast: Magic Dart        ||    49
  Use: Potion            ||     4
Armor: Robe              ||     3
Dodge: Dodged            ||    17
